 Dungeon Crawl Stone Soup version 0.25.0-1-g7eea58d2a3 (webtiles) character file.

Game seed: 6372471066318351173

3283 lepoulpe303 the Grappler (level 9, -2/87 HPs)
             Began as a Troll Monk on June 13, 2020.
             Was an Elder of Qazlal.
             Slain by an Executioner (28 damage)
             ... on level 1 of the Abyss.
             The game lasted 00:26:46 (6337 turns).

lepoulpe303 the Grappler (Troll Monk)               Turns: 6337, Time: 00:26:47

Health: -2/87      AC:  8    Str: 23    XL:     9   Next: 69%
Magic:  12/12      EV: 12    Int:  6    God:    Qazlal [****..]
Gold:   279        SH:  5    Dex: 13    Spells: 8/8 levels left

rFire    . . .     SeeInvis .     - Unarmed
rCold    . . .     Gourm    +   (no shield)
rNeg     . . .     Faith    .   a - +0 robe
rPois    .         Spirit   .   (helmet restricted)
rElec    .         Reflect  .   o - +1 cloak
rCorr    .         Harm     .   (gloves unavailable)
MR       .....                  (boots unavailable)
Stlth    +.........             (no amulet)
HPRegen  0.64/turn              (no ring)
MPRegen  0.13/turn              (no ring)

@: about to teleport, repel missiles
A: large, unfitting armour, claws 3, fast metabolism 3, gourmand, regeneration
1, shaggy fur 1, tough skin 3
a: Upheaval, Elemental Force, Renounce Religion


You were on level 1 of the Abyss.
You worshipped Qazlal.
Qazlal was greatly pleased with you.
You were very full.

You visited 1 branch of the dungeon, and saw 8 of its levels.
You visited the Abyss 1 time.

You collected 383 gold pieces.
You spent 104 gold pieces at shops.

Inventory:

Missiles
 f - 46 poisoned darts
 s - 4 boomerangs (quivered)
 x - 2 large rocks {!d}
 Q - 262 stones
Armour
 a - a +0 robe (worn)
 o - a +1 cloak (worn)
Jewellery
 m - an uncursed ring of fire {rF+, rC-}
 u - an uncursed ring of fire {rF+, rC-}
Wands
 b - a wand of iceblast (3)
 n - a wand of flame (10)
 p - a wand of paralysis (26)
 v - a wand of polymorph (10)
 D - a wand of digging (3)
Scrolls
 c - 2 scrolls of enchant armour
 g - 4 scrolls of fear
 i - 3 scrolls of identify
 l - 3 scrolls of amnesia
 t - 6 scrolls of teleportation
 w - 3 scrolls of remove curse
 y - a scroll of enchant weapon
 B - 3 scrolls of blinking {!r}
Potions
 d - 2 potions of might
 h - a potion of haste
 j - a potion of degeneration {!q}
 k - a potion of brilliance
 q - 4 potions of curing
 r - 2 potions of mutation {!q}
 z - a potion of flight
 A - 2 potions of stabbing
Comestibles
 e - 12 rations
 C - a chunk of flesh


   Skills:
 + Level 4.9 Fighting
 + Level 4.6 Throwing
 + Level 5.1 Dodging
 - Level 1.0 Stealth
 * Level 8.1 Unarmed Combat
 * Level 6.2 Invocations


You had 8 spell levels left.
You didn't know any spells.
Your spell library was empty.

Dungeon Overview and Level Annotations

Branches:
Dungeon (8/15)             Temple (0/1) D:5            Lair (0/6) D:8

Altars:
Hepliaklqana
Makhleb
Nemelex Xobeh
Okawaru
Qazlal
Trog
Yredelemnul

Shops:
D:6 :   D:7 (*


Innate Abilities, Weirdness & Mutations

You are too large for most types of armour.
You have claws for hands.
Your metabolism is lightning-fast.
You like to eat raw meat.
Your natural rate of healing is unusually fast.
You are covered in fur. (AC +1)
You have extremely tough skin. (AC +3)


Message History

* * * LOW HITPOINT WARNING * * *
The Executioner closely misses you. The Executioner hits you!
* * * LOW HITPOINT WARNING * * *
The Executioner hits you.
* * * LOW HITPOINT WARNING * * *
The Executioner hits you.
* * * LOW HITPOINT WARNING * * *
You take 40 damage, and have 33/87 hp.
MASSIVE DAMAGE!!
You can't see any clouds you can empower.
As you read the scroll of teleportation, it crumbles to dust.
You feel strangely unstable.
You feel the power of the Abyss delaying your translocation!
The Executioner hits you.
* * * LOW HITPOINT WARNING * * *
The Executioner hits you but does no damage.
The Executioner hits you.
* * * LOW HITPOINT WARNING * * *
The Executioner hits you!!
You die...

## #. #. . .
.##. .#.
.....##.##
#....*#
##*###
#...####
#.##...1#.#
#......#@.#
#
.#...##.####
. #.......#
.....##....#
#..#####.# #
#.. # #.. ##
. .. ... .
.. ... .. .
# . #. #...
#


You could see a wretched star and an Executioner (fast).

Levels and vault maps discovered:
D:1:      evilmike_arrival_crescent, layout_basic
D:2:      layout_rooms, lemuel_round_altar, gammafunk_temple_overflow_elements,
          serial_bayou, serial_bayou_lagoon_a, serial_bayou_shore_a,
          serial_bayou_ford_a, serial_bayou_pond_b, uniq_robin
D:3:      layout_loops_ring
D:4:      layout_basic, demons_altar, first_ration, uniq_crazy_yiuf_cottage
D:5:      layout_loops_ring, kennysheep_little_box,
          minmay_temple_entry_gardened_gates, glass_columns_a, uniq_pikel,
          uniq_eustachio, uniq_duvessa, uniq_blork_the_orc
D:6:      layout_basic, lemuel_zombie_altar_yredelemnul,
          overflow_temple_1_default, serial_shops, shop
D:7:      layout_cave_pools, serial_shops, kennysheep_mini_moat, shop,
          nicolae_qazlal_style_of_elements
D:8:      kennysheep_housing_project, layout_rooms, elyvilon_altar_3,
          lemuel_round_altar, old_standard_altar, grunt_ministairs_9
Abyss:1:  base: D:8, evilmike_abyss_exit_vortex

Notes
Turn   | Place    | Note
-------+----------+-------------------------------------------
     0 | D:1      | lepoulpe303 the Troll Monk began the quest for the Orb.
     0 | D:1      | Reached XP level 1. HP: 22/22 MP: 0/0
   147 | D:1      | Identified a +0 short sword
   202 | D:1      | Identified a +0 club
   210 | D:1      | Reached XP level 2. HP: 29/29 MP: 1/1
   251 | D:1      | Identified a +0 dagger
   630 | D:2      | Identified a +0 mace
   630 | D:2      | Identified a cursed +0 animal skin
   630 | D:2      | Identified a +0 helmet
   630 | D:2      | Noticed Robin
   631 | D:2      | Identified a +0 club
   634 | D:2      | Identified a +0 club
   635 | D:2      | Identified a +0 dagger
   635 | D:2      | Identified a +0 club
   638 | D:2      | Killed Robin
   638 | D:2      | Reached skill level 1 in Throwing
   638 | D:2      | Reached XP level 3. HP: 36/36 MP: 2/2
   639 | D:2      | Identified a +0 dagger
   642 | D:2      | Identified a +0 hunting sling
   674 | D:2      | Identified a +0 club
   692 | D:2      | Identified a +0 hunting sling
   807 | D:2      | Identified a +0 club
   916 | D:2      | Reached XP level 4. HP: 44/44 MP: 3/3
  1251 | D:2      | Reached skill level 4 in Unarmed Combat
  1279 | D:2      | Identified a +0 whip
  1311 | D:2      | Identified a +0 dagger
  1397 | D:2      | Found a stormy altar of Qazlal.
  1397 | D:2      | Found a hazy altar of Hepliaklqana.
  1400 | D:2      | Became a worshipper of Qazlal Stormbringer
  1400 | D:2      | Reached * piety under Qazlal
  1400 | D:2      | Reached ** piety under Qazlal
  1494 | D:2      | Found a sparkling altar of Nemelex Xobeh.
  1772 | D:3      | Identified a +0 short sword
  1803 | D:3      | Identified a +0 club
  1804 | D:3      | Identified a cursed -2 club
  1804 | D:3      | Identified a +0 ring mail
  1806 | D:3      | Identified a +0 club
  1806 | D:3      | Identified a +0 ring mail
  1811 | D:3      | HP: 10/44 [orc priest/divine providence (12)]
  1919 | D:3      | Identified a +0 dagger
  1924 | D:3      | Identified a +0 short sword
  1928 | D:3      | Identified a cursed +0 ring mail
  1930 | D:3      | Identified a +0 war axe
  1930 | D:3      | Identified a +0 leather armour
  1935 | D:3      | Identified a +0 short sword
  1979 | D:3      | Identified a +0 dagger
  2178 | D:3      | Reached skill level 3 in Dodging
  2186 | D:3      | Reached skill level 3 in Fighting
  2186 | D:3      | Reached XP level 5. HP: 53/53 MP: 4/4
  2195 | D:3      | Reached skill level 1 in Invocations
  2233 | D:3      | Identified a +0 short sword
  2258 | D:3      | Identified a +0 dagger
  2488 | D:3      | Identified a +0 club
  2685 | D:4      | Identified a +0 giant club
  2685 | D:4      | Noticed an ogre
  2696 | D:4      | Killed an ogre
  2696 | D:4      | Reached skill level 2 in Throwing
  2696 | D:4      | Reached XP level 6. HP: 61/61 MP: 4/6
  2697 | D:4      | Identified a +0 falchion
  2697 | D:4      | Identified a +0 leather armour
  2711 | D:4      | Identified a +0 whip
  2715 | D:4      | Identified a +0 short sword
  2732 | D:4      | Reached skill level 2 in Invocations
  2745 | D:4      | Identified a +0 cloak (You found it on level 4 of the
                  | Dungeon)
  2862 | D:4      | Found a burning altar of Makhleb.
  2891 | D:4      | Reached skill level 5 in Unarmed Combat
  3145 | D:4      | Reached XP level 7. HP: 66/67 MP: 7/7
  3234 | D:4      | Found a runed translucent door.
  3235 | D:4      | Identified a +3 quarterstaff of chaos
  3235 | D:4      | Identified a +1 cloak
  3235 | D:4      | Noticed Crazy Yiuf
  3335 | D:4      | Identified 10 scrolls of identify
  3335 | D:4      | Identified 3 potions of stabbing
  3336 | D:4      | Identified a potion of haste
  3337 | D:4      | Identified 4 scrolls of fear
  3338 | D:4      | Identified 4 scrolls of teleportation
  3343 | D:4      | Killed Crazy Yiuf
  3398 | D:5      | Entered Level 5 of the Dungeon
  3433 | D:5      | Identified a +2 whip of freezing
  3433 | D:5      | Identified a +0 robe
  3433 | D:5      | Noticed Pikel
  3466 | D:5      | Killed Pikel
  3466 | D:5      | Reached skill level 3 in Throwing
  3466 | D:5      | Reached skill level 3 in Invocations
  3466 | D:5      | Reached XP level 8. HP: 63/78 MP: 9/9
  3490 | D:5      | Identified a cursed +0 hand axe
  3490 | D:5      | Identified a +0 chain mail
  3531 | D:5      | Identified a potion of brilliance
  3532 | D:5      | Identified a ring of evasion (You found it on level 5 of
                  | the Dungeon)
  3557 | D:5      | Identified a +0 halberd
  3557 | D:5      | Identified a +0 robe
  3557 | D:5      | Noticed Blork the orc
  3565 | D:5      | Killed Blork the orc
  3565 | D:5      | Reached *** piety under Qazlal
  3565 | D:5      | Reached skill level 4 in Dodging
  3565 | D:5      | Reached skill level 6 in Unarmed Combat
  3743 | D:5      | Identified a +2 rapier of speed
  3743 | D:5      | Identified a +0 leather armour
  3743 | D:5      | Noticed Eustachio
  3750 | D:5      | Killed Eustachio
  3750 | D:5      | Reached skill level 4 in Fighting
  3750 | D:5      | Reached skill level 4 in Invocations
  3945 | D:5      | Found a staircase to the Ecumenical Temple.
  4043 | D:5      | Found a bloodstained altar of Trog.
  4086 | D:5      | Identified a +0 short sword
  4086 | D:5      | Identified a +0 scale mail
  4086 | D:5      | Noticed Duvessa
  4088 | D:5      | Identified a +0 dagger
  4088 | D:5      | Identified a +0 robe
  4088 | D:5      | Noticed Dowan
  4100 | D:5      | Killed Duvessa
  4125 | D:5      | Killed Dowan
  4448 | D:6      | Identified a +0 shortbow
  4492 | D:6      | Identified a +0 halberd
  4498 | D:6      | Identified a +0 spear
  4676 | D:6      | Identified a +0 dagger
  4676 | D:6      | Identified a +0 robe
  4677 | D:6      | Identified a +0 scimitar
  4677 | D:6      | Identified a +0 robe
  4697 | D:6      | Found an iron altar of Okawaru.
  4697 | D:6      | Identified a +3 halberd
  4697 | D:6      | Identified a +0 robe
  4699 | D:6      | Reached skill level 7 in Unarmed Combat
  4699 | D:6      | Reached skill level 5 in Invocations
  4731 | D:6      | Identified a +0 spear
  4731 | D:6      | Identified a +0 whip
  4931 | D:6      | Identified a +0 long sword
  4931 | D:6      | Identified a cursed +0 robe
  4932 | D:6      | Identified a +0 scimitar
  4932 | D:6      | Identified a +0 robe
  4950 | D:6      | Identified a +0 dire flail
  4950 | D:6      | Identified a +0 robe
  4961 | D:6      | Reached XP level 9. HP: 84/85 MP: 11/11
  5127 | D:6      | Found a basalt altar of Yredelemnul.
  5211 | D:6      | Found Tuafeppi's Book Emporium.
  5357 | D:6      | Identified a ring of fire (You found it on level 6 of the
                  | Dungeon)
  5472 | D:7      | Reached skill level 4 in Throwing
  5670 | D:7      | Identified 2 potions of mutation
  5671 | D:7      | Identified a potion of degeneration
  5672 | D:7      | Identified a potion of flight
  5673 | D:7      | Identified 3 scrolls of amnesia
  5674 | D:7      | Identified 3 scrolls of blinking
  5675 | D:7      | Identified 2 scrolls of remove curse
  5676 | D:7      | Identified 2 scrolls of enchant armour
  5780 | D:7      | Found Tasmoa's Weapon Emporium.
  5873 | D:7      | Found a stormy altar of Qazlal.
  5952 | D:7      | Found Carghime's General Store.
  5960 | D:7      | Bought 2 potions of might for 104 gold pieces
  6073 | D:8      | Identified a +0 flail
  6073 | D:8      | Identified a +0 trident
  6075 | D:8      | Identified a +0 leather armour
  6077 | D:8      | Identified a +0 giant club
  6115 | D:8      | Found a staircase to the Lair.
  6116 | D:8      | Identified a cursed -3 shortbow
  6190 | D:8      | Identified a +0 spear
  6192 | D:8      | Identified a +0 giant spiked club
  6195 | D:8      | Identified a +0 club
  6198 | D:8      | Reached **** piety under Qazlal
  6203 | D:8      | Reached skill level 5 in Dodging
  6203 | D:8      | Reached skill level 6 in Invocations
  6224 | D:8      | Identified a +0 dagger of distortion
  6224 | D:8      | Identified a cursed +0 robe
  6227 | D:8      | Cast into level 1 of the Abyss (orc wizard)
  6227 | Abyss:1  | Found a corrupted altar of Lugonu.
  6228 | Abyss:1  | Identified a scroll of enchant weapon
  6256 | Abyss:1  | Noticed an ancient zyme
  6289 | Abyss:1  | Reached skill level 8 in Unarmed Combat
  6323 | Abyss:1  | Noticed a wretched star
  6324 | Abyss:1  | Noticed an Executioner
  6337 | Abyss:1  | Slain by an Executioner

Table legend:
 A = Turns spent in this place as a percentage of turns spent in the entire game.
 B = Non-inter-level travel turns spent in this place as a percentage of non-inter-level travel turns spent in the entire game.
 C = Inter-level travel turns spent in this place as a percentage of turns spent in this place.
 D = Turns resting spent in this place as a percentage of non-inter-level travel turns spent in this place.
 E = Turns spent auto-exploring this place as a percentage of non-inter-level travel turns spent in this place.
 F = Non-inter-level travel turns spent in this place divided by the number of levels of this place that you've seen.
                   A       B       C       D       E      F
               +-------+-------+-------+-------+-------+----------------------
         Total | 100.0 | 100.0 |   5.5 |   3.3 |  75.1 | 665.2
       Dungeon |  98.3 |  98.2 |   5.6 |   3.4 |  76.5 | 734.6
         Abyss |   1.7 |   1.8 |   0.0 |   0.0 |   0.0 | 110.0
               +-------+-------+-------+-------+-------+----------------------

Table legend:
 A = Kills in this place as a percentage of kills in entire the game.
 B = Kills by you in this place as a percentage of kills by you in the entire game.
 C = Kills by friends in this place as a percentage of kills by friends in the entire game.
 D = Other kills in this place as a percentage of other kills in the entire game.
 E = Experience gained in this place as a percentage of experience gained in the entire game.
 F = Experience gained in this place divided by the number of levels of this place that you have seen.
                   A       B       C       D       E      F
               +-------+-------+-------+-------+-------+----------------------
         Total | 100.0 | 100.0 |   N/A |   N/A | 100.0 | 521.1
       Dungeon |  98.8 |  98.8 |   N/A |   N/A |  92.8 | 544.0
         Abyss |   1.2 |   1.2 |   N/A |   N/A |   7.2 | 338.0
               +-------+-------+-------+-------+-------+----------------------

Skill      XL: |  1  2  3  4  5  6  7  8  9 |
---------------+----------------------------+-----
Throwing       | 1 2 3 4 |  4.6
Unarmed Combat | 4 5 7 8 |  8.1
Dodging        | 3 4 5 |  5.1
Fighting       | 3 4 |  4.9
Invocations    | 1 2 3 5 6 |  6.2
Stealth        | |  1.0

Action                   |  1- 3 |  4- 6 |  7- 9 || total
-------------------------+-------+-------+-------++-------
Melee: Unarmed           |    96 |   128 |   211 ||   435
       Punch             |       |     2 |     7 ||     9
Throw: Stone             |   103 |   138 |    36 ||   277
       Boomerang         |       |       |    70 ||    70
       Dart              |       |       |    13 ||    13
  Use: Scroll            |       |       |    16 ||    16
       Potion            |       |       |     2 ||     2
  Eat: Chunk             |    14 |    19 |    32 ||    65
Armor: Robe              |    35 |    33 |    41 ||   109
Dodge: Dodged            |    55 |    46 |    81 ||   182
       Repelled          |       |       |     1 ||     1
Block: Other             |       |     4 |    34 ||    38

Vanquished Creatures
  Pikel (D:5)
  Eustachio (D:5)
  A golden eye (Abyss:1)
  A hungry ghost (D:8)
  Duvessa (D:5)
  A small abomination (Abyss:1)
  An ice beast (D:8)
  2 phantoms
  2 slaves (D:5)
  2 centaurs
  3 ogres
  Blork the orc (D:5)
  2 bullfrogs
  Dowan (D:5)
  A water moccasin skeleton (D:5)
  6 wights (D:6)
  4 crimson imps
  2 centaur zombies (D:8)
  3 hounds
  2 jellies (D:7)
  Crazy Yiuf (D:4)
  3 iron imps (D:4)
  An orc priest (D:3)
  6 worker ants
  A killer bee zombie (D:6)
  A hound zombie (D:6)
  A howler monkey zombie (D:8)
  Robin (D:2)
  10 gnolls
  8 adders
  A shadow imp (D:5)
  2 adder zombies
  2 worms
  3 leopard geckos
  13 orcs
  5 ball pythons
  3 giant cockroaches
  2 gnoll zombies (D:6)
  16 goblins
  13 hobgoblins
  8 jackals
  4 quokkas
  5 bats
  6 frilled lizards
  8 kobolds
  8 rats
170 creatures vanquished.
